AoeStats
← NuMa | Gacha

Nomad

509212279Analyzed
4v4 RM · 8d ago on Sep 25, 2026· 35m 54s· 8 players
Game mode
Random Map
Map size
231×231
Population
200
Speed
Normal
Resources
Standard
Victory
Conquest
Starting age
Dark Age
Ending age
Imperial Age
RankedLock teamsTeams togetherTeam positionsShared explorationLock speedFull tech treeHidden civsTurbo modeCheats
Victory
Defeat
🇧🇪 Spanish · Belgium
1338
+14
🇵🇹 Italians · Portugal
1277
+16
🇬🇧 Persians · United Kingdom
1266
+17
🇩🇪 Dravidians · Germany
1223
+19
🇨🇴 Turks · Colombia
1404
-22
🇨🇴 Vikings · Colombia
1382
-20
🇨🇴 Persians · Colombia
1279
-16
🇨🇴 Koreans · Colombia
1071
-8
DKing
4:57 Loom
11:55 Feudal Age
12:36 Double-Bit Axe
19:49 Fishing Lines
20:32 Fletching
25:05 Castle Age
26:50 Bow Saw
27:19 Horse Collar
29:40 Wheelbarrow
29:14 Pikeman
32:33 Heavy Plow
35:37 Gold Mining
Palmari
3:50 Loom
15:48 Feudal Age
16:24 Double-Bit Axe
16:31 Stone Mining
20:44 Scale Mail Armor
21:53 Fletching
22:04 Fishing Lines
29:20 Castle Age
30:48 Wheelbarrow
31:16 Stone Shaft Mining
[ITBB] RossMichael
14:11 Feudal Age
15:37 Loom
18:57 Castle Age
18:52 Bloodlines
18:38 Gold Mining
18:35 Double-Bit Axe
22:25 Horse Collar
23:48 Scale Barding Armor
23:45 Husbandry
24:07 Bow Saw
27:59 Wheelbarrow
29:16 Forging
35:19 Fletching
35:50 Chain Barding Armor
Green Assassin
4:28 Loom
14:08 Feudal Age
18:57 Castle Age
16:51 Double-Bit Axe
17:26 Gold Mining
18:23 Fletching
19:24 Wheelbarrow
20:37 Bodkin Arrow
20:43 Padded Archer Armor
24:53 Ballistics
29:10 Horse Collar
31:12 Thumb Ring
33:45 Medical Corps
37:32 Imperial Age
TILIN2.0
13:45 Feudal Age
15:11 Loom
15:43 Bloodlines
17:49 Castle Age
16:49 Forging
17:10 Double-Bit Axe
17:42 Horse Collar
19:07 Bow Saw
20:24 Husbandry
23:51 Iron Casting
28:15 Wheelbarrow
29:20 Scale Barding Armor
32:45 Heavy Plow
33:06 Hand Cart
34:26 Stone Mining
34:26 Gold Mining
36:21 Gold Shaft Mining
36:21 Chain Barding Armor
NuMa | Ezio
3:39 Loom
13:13 Feudal Age
14:16 Town Watch
17:39 Castle Age
16:04 Double-Bit Axe
16:41 Gold Mining
17:44 Fletching
21:15 Bodkin Arrow
25:04 Ballistics
26:22 Careening
26:23 Clinker Construction
26:09 Horse Collar
26:44 Bow Saw
29:29 Fishing Lines
31:12 Medium Warships
38:09 Imperial Age
35:58 Scale Mail Armor
36:09 Forging
NuMa | Gacha
3:58 Loom
14:06 Feudal Age
18:12 Castle Age
17:00 Gold Mining
20:56 Wheelbarrow
30:14 Double-Bit Axe
30:22 Fletching
33:29 Hand Cart
36:25 Imperial Age
33:42 Town Watch
35:39 Bodkin Arrow
NuMa | Jomaro
4:50 Loom
15:25 Feudal Age
22:19 Castle Age
22:29 Double-Bit Axe
Connection lost

Rejoining the realm…

Still unreachable

The connection could not be restored.

Session expired

The server has moved on; the page needs a fresh start.